 Dungeon Crawl Stone Soup version 0.20.0-14-g326068f (webtiles) character file.

165 skittles the Firebug (level 5, -2/40 HPs)
             Began as a Draconian Fire Elementalist on June 8, 2017.
             Slain by an orc
             ... wielding a +0 flail
              (4 damage)
             ... on level 4 of the Dungeon.
             The game lasted 00:04:29 (2771 turns).

skittles the Firebug (Draconian Fire Elementalist)  Turns: 2771, Time: 00:04:30

Health: -2/40      AC:  6    Str: 10    XL:     5   Next: 21%
Magic:  5/8        EV: 18    Int: 16    God:
Gold:   179        SH:  0    Dex: 17    Spells: 4/8 levels left

rFire    . . .     SeeInvis +   v - +0 flail (protect)
rCold    . . .     Gourm    .   (no shield)
rNeg     . . .     Faith    .   (armour unavailable)
rPois    .         Spirit   .   (helmet restricted)
rElec    .         Reflect  .   (no cloak)
rCorr    .         Harm     .   l - +0 pair of gloves
MR       .....                  (no boots)
Stlth    +++.......             n - amulet of rage
Regen    0.2/turn               h - ring of see invisible
MPRegen  0.2/turn               (no ring)

@: agile, berserk cooldown, very slightly contaminated, slowed, very slow
A: unfitting armour, cold-blooded, AC +5
a: Evoke Berserk Rage


You were on level 4 of the Dungeon.
You were near starving.

You visited 1 branch of the dungeon, and saw 4 of its levels.

You collected 179 gold pieces.

Inventory:

Hand Weapons
 t - a +0 spear
 v - a +0 flail of protection (weapon)
Armour
 l - a +0 pair of gloves (worn)
Jewellery
 h - a ring of see invisible (left hand)
 n - an amulet of rage (around neck)
Wands
 w - a wand of iceblast (8/15)
Scrolls
 c - 3 scrolls of fog {unknown}
 d - 5 scrolls of recharging {unknown}
 e - a scroll of remove curse {unknown}
 f - 5 scrolls of identify {unknown}
 g - 2 scrolls of immolation {unknown}
 i - 3 scrolls of teleportation {unknown}
 q - 3 scrolls of magic mapping {unknown}
 r - a scroll of fear {unknown}
 u - 2 scrolls of enchant weapon {unknown}
 y - a scroll of amnesia {unknown}
Potions
 k - 3 potions of curing
 m - a potion of brilliance {unknown}
 p - a potion of agility
 s - a potion of invisibility {unknown}
 x - a potion of degeneration {unknown}
 z - a potion of heal wounds {unknown}
Books
 a - a book of Flames

   Spells                             Type                      Level
   a - Flame Tongue                   Conjuration/Fire             1
   b - Throw Flame                    Conjuration/Fire             2
   c - Conjure Flame                  Conjuration/Fire             3
   d - Inner Flame                    Hexes/Fire                   3
   e - Sticky Flame                   Conjuration/Fire             4
   f - Fireball                       Conjuration/Fire             5
Comestibles
 b - 2 bread rations
 j - 2 meat rations
 o - 3 royal jellies


   Skills:
 + Level 1.4 Fighting
 + Level 2.2 Dodging
 - Level 1.7 Stealth
 + Level 2.2 Spellcasting
 + Level 3.1 Conjurations
 + Level 4.2 Fire Magic


You had 4 spell levels left.
You knew the following spells:

 Your Spells              Type           Power        Failure   Level  Hunger
a - Flame Tongue          Conj/Fire      ##...        4%          1    #......
b - Conjure Flame         Conj/Fire      ##......     13%         3    ###....


Dungeon Overview and Level Annotations

Branches:
Dungeon (4/15)
 Temple: D:4-7

Altars:


Innate Abilities, Weirdness & Mutations

Your plain brown scales are hard. (AC +5)
You cannot fit into any form of body armour.
You are cold-blooded and may be slowed by cold attacks.


Message History

Confirm with . or Enter, or press ? or * to list all spells.
Aiming: Flame Tongue
Press: ? - help, Shift-Dir - straight line, f - orc
Aim: an orc, wielding a flail (lightly wounded)
You miscast Flame Tongue.
You are very lightly contaminated with residual magic.
Nothing appears to happen.
The orc hits you with a flail!
* * * LOW HITPOINT WARNING * * *
Casting: Flame Tongue
Confirm with . or Enter, or press ? or * to list all spells.
Aiming: Flame Tongue
Press: ? - help, Shift-Dir - straight line, f/p - orc
Aim: an orc, wielding a flail (lightly wounded)
The flame tongue misses the orc.
The orc barely misses you. The orc hits you with a flail.
* * * LOW HITPOINT WARNING * * *
It was a potion of agility.
You feel agile all of a sudden. The orc hits you with a flail.
You die...

.................
####....#.###.... ...#
#.....###.# ........####.
#.#.......# #.##........
#.#.......# .<........
..#......## #a....#
.........#########.....##.
..#.............[#........
..#.............@o.....#
.........#########.....#
..#......# #.....#
..######## #........ ..#
#######.. .## . ## #


You could see an orc.

Vanquished Creatures
  An orc priest (D:4)
  A worker ant (D:4)
  6 adders
  A worm (D:4)
  3 dart slugs
  2 leopard geckos
  3 orcs
  8 bats
  A giant cockroach (D:3)
  2 goblins
  4 hobgoblins
  7 kobolds
  2 ball pythons
  A frilled lizard (D:3)
  A jackal skeleton (D:4)
  4 rats
47 creatures vanquished.

Notes
Turn   | Place    | Note
-------+----------+-------------------------------------------
     0 | D:1      | skittles the Draconian Fire Elementalist began the quest for the Orb.
     0 | D:1      | Reached XP level 1. HP: 14/14 MP: 3/3
   186 | D:1      | Reached XP level 2. HP: 16/20 MP: 5/5
  1242 | D:2      | Reached XP level 3. HP: 17/26 MP: 0/6
  2153 | D:3      | Reached skill level 4 in Fire Magic
  2350 | D:3      | Reached XP level 4. HP: 31/33 MP: 7/7
  2366 | D:3      | Learned a level 3 spell: Conjure Flame
  2693 | D:4      | Reached skill level 1 in Fighting
  2761 | D:4      | Reached XP level 5. HP: 14/40 MP: 5/8
  2770 | D:4      | HP: 2/40 [orc/flail (2)]
  2771 | D:4      | Slain by an orc

Skill      XL: |  1  2  3  4 |
---------------+-------------+-----
Conjurations   | 2 3 |  3.1
Fire Magic     | 4 |  4.2
Dodging        | 2 |  2.2
Fighting       | 1 |  1.4
Stealth        | |  1.7
Spellcasting   | |  2.2

Action                   |  1- 3 |  4- 6 || total
-------------------------+-------+-------++-------
Melee: Dagger            |    17 |       ||    17
       Tailslap          |     8 |     2 ||    10
       Mace              |    52 |       ||    52
       Flail             |    42 |    16 ||    58
       Spear             |     9 |       ||     9
 Cast: Flame Tongue      |    22 |    22 ||    44
 Abil: Evoke Berserk Rag |       |     1 ||     1
  Use: Potion            |       |     2 ||     2
 Stab: Sleeping          |     6 |     1 ||     7
  Eat: Chunk             |     5 |     1 ||     6
Armor: Skin              |    52 |    12 ||    64
Dodge: Dodged            |   103 |    28 ||   131
